New York Rangers vs Minnesota North Stars (R1)

Created - Tuesday, June 10, 2025 at 08:22

Goals
1 2 3 T
New York Rangers 0 1 1 2
Minnesota North Stars 0 1 3 4
Shots
1 2 3 T
New York Rangers 13 8 12 33
Minnesota North Stars 8 13 10 31

1st period

No Goal

Penalties :
Neal Pionk (MNS) for Slashing (Minor) at 17:20

2nd period

1. New York Rangers , Cole Caufield 2 (Timo Meier 2, Dylan Strome 3) at 12:09
2. Minnesota North Stars , Valeri Nichushkin 6 (Ryan Nugent-Hopkins 2, Jack Hughes 3) at 13:27 (PP)

Penalties :
Rasmus Dahlin (MNS) for Close Hand On Puck (Minor) at 4:08, Nathan MacKinnon (NYR) for Holding (Minor) at 13:12, Jake McCabe (NYR) for Holding (Minor) at 19:08

3rd period

3. Minnesota North Stars , Brock Nelson 2 (William Karlsson 4, Frank Vatrano 4) at 8:00
4. Minnesota North Stars , Alexander Kerfoot 2 (Erik Cernak 2, Ivan Barbashev 1) at 15:54
5. New York Rangers , Sean Couturier 2 (Conor Garland 2, Jake McCabe 2) at 16:06
6. Minnesota North Stars , Valeri Nichushkin 7 (Jack Hughes 4, Rasmus Dahlin 2) at 19:44 (Empty Net)

Penalties :
Marcus Foligno (NYR) for High sticking (Minor) at 4:19, Jake McCabe (NYR) for Holding (Minor) at 8:57, Gustav Forsling (MNS) for Delaying the game (Minor) at 18:39, Artemi Panarin (NYR) for Delaying the game (Minor) at 19:08

Goalie Stats

Igor Shesterkin (NYR), 27 saves from 30 shots - (0.900), L, 4-2-0, 58:59 minutes
Logan Thompson (MNS), 31 saves from 33 shots - (0.939), W, 5-1-0, 60:00 minutes

Players Stats for New York Rangers

Player Name              G  A  P  +/- PIM S  H  SB GA TA FO     MP     PP MP  PK MP  
------------------------------------------------------------------------------------
Adam Larsson             0  0  0   0  0   0  0  1  0  0  0/0    22:37   0:00   3:53 
Artemi Panarin           0  0  0   0  2   1  0  0  0  0  0/3    17:16   2:59   0:00 
Cam Fowler               0  0  0   0  0   1  0  0  0  1  0/0    22:26   3:00   1:52 
Cole Caufield            1  0  1   0  0   4  1  0  2  0  1/1    17:06   2:03   0:14 
Conor Garland            0  1  1   0  0   2  0  0  0  0  0/1    14:51   2:20   0:00 
David Kampf              0  0  0  -1  0   1  0  0  0  0  6/9    11:23   0:49   3:04 
Dylan Strome             0  1  1   1  0   1  2  0  1  0  13/19  15:51   1:35   0:00 
Jake McCabe              0  1  1  -1  4   0  0  2  0  2  0/0    21:24   0:00   1:40 
Jake Walman              0  0  0  -1  0   1  0  0  0  1  0/0    22:17   1:27   2:19 
John Marino              0  0  0   0  0   0  0  0  0  0  0/0    15:01   0:00   2:19 
Marcus Foligno           0  0  0  -1  2   1  1  0  0  0  0/2     9:38   0:00   1:51 
Matthew Benning          0  0  0   0  0   0  2  4  0  2  0/0    11:58   0:00   0:21 
Mikael Granlund          0  0  0   0  0   2  1  2  0  0  10/17  19:49   2:24   3:00 
Nathan MacKinnon         0  0  0  -1  2   2  1  0  3  1  5/6    16:42   2:03   0:00 
Sean Couturier           1  0  1   0  0   9  0  0  0  0  11/14  13:48   0:00   1:09 
Teuvo Teravainen         0  0  0   0  0   5  0  1  0  0  0/0    13:55   1:27   0:00 
Timo Meier               0  1  1   1  0   3  3  2  1  0  0/0    15:56   1:58   0:00 
Tyler Motte              0  0  0  -1  0   0  0  0  0  0  0/0    10:54   0:09   3:06 

Players Stats for Minnesota North Stars

Player Name              G  A  P  +/- PIM S  H  SB GA TA FO     MP     PP MP  PK MP  
------------------------------------------------------------------------------------
Alexander Kerfoot        1  0  1   1  0   1  0  0  1  0  0/4     9:04   0:00   2:09 
Brock Nelson             1  0  1  -1  0   3  0  3  0  0  0/1    14:49   0:00   0:00 
Dylan DeMelo             0  0  0  -1  0   1  4  0  0  1  0/0    22:22   3:22   2:38 
Erik Cernak              0  1  1   1  0   0  1  1  0  2  0/0    18:23   0:00   1:44 
Evan Rodrigues           0  0  0   1  0   1  0  0  0  1  0/0     6:55   0:00   0:00 
Evgeni Malkin            0  0  0   0  0   1  0  0  1  0  8/16   16:27   3:25   0:00 
Frank Vatrano            0  1  1   0  0   2  1  0  0  1  0/2    16:55   3:25   0:00 
Gustav Forsling          0  0  0  -1  2   0  0  5  1  1  0/0    21:32   3:22   2:16 
Ivan Barbashev           0  1  1   1  0   2  0  0  0  0  0/0     6:55   0:00   0:00 
Jack Hughes              0  2  2   1  0   7  0  0  0  0  0/1    17:02   2:47   0:00 
Jonathan Marchessault    0  0  0   0  0   0  4  0  0  0  0/2    16:12   3:25   0:00 
Lawson Crouse            0  0  0  -1  0   2  4  0  0  1  2/3    17:27   0:00   2:18 
Matt Roy                 0  0  0   1  0   0  0  2  0  0  0/0    16:42   0:00   0:00 
Neal Pionk               0  0  0   1  2   1  3  0  0  0  0/0    20:52   2:50   1:31 
Rasmus Dahlin            0  1  1   1  2   0  2  1  0  0  0/0    20:26   2:50   0:45 
Ryan Nugent-Hopkins      0  1  1   0  0   3  1  0  2  0  9/24   18:35   2:47   2:09 
Valeri Nichushkin        2  0  2   1  0   4  2  1  1  0  0/1    16:34   2:47   0:00 
William Karlsson         0  1  1  -1  0   3  0  1  1  0  7/18   17:27   0:00   2:18 

3 Stars

1 - Valeri Nichushkin (MNS)
2 - Logan Thompson (MNS)
3 - Alexander Kerfoot (MNS)

Power Play

New York Rangers - 0 on 3 Attempt(s) - 0.00%
Minnesota North Stars - 1 on 5 Attempt(s) - 20.00%

Penalty Kill

New York Rangers - 4 on 5 Attempt(s) - 80.00% - Score 0 goal in Penalty Kill
Minnesota North Stars - 3 on 3 Attempt(s) - 100.00% - Score 0 goal in Penalty Kill

Team Stat

New York Rangers - Hits : 11 - Faceoff Wins : 46 - Blocked Shots : 12 - Penalty Minutes : 10
Minnesota North Stars - Hits : 22 - Faceoff Wins : 26 - Blocked Shots : 14 - Penalty Minutes : 6

Official

Referees : Tom Chmielewski and Cody Beach
Linesman : Jonathan Deschamps and Bryan Pancich

Game Notes

Valeri Nichushkin has scored in a empty net!

Finance

Level 1 -- Attendance: 6000 (100.00%) -- Ticket Income $600,000
Level 2 -- Attendance: 4880 (97.60%) -- Ticket Income $292,800
Level 3 -- Attendance: 3000 (100.00%) -- Ticket Income $105,000
Level 4 -- Attendance: 5000 (100.00%) -- Ticket Income $125,000
Luxury Box -- Attendance: 1000 (100.00%) -- Ticket Income $200,000
Game was played at the Met Center.
Total Attendance: 19880 (99.40%)
Total Ticket Income: $1,322,800
Other Income: $462,980
Total Income: $1,785,780

New York Rangers

5 vs 5 Forward 
   Center                   Left Wing                Right Wing               Time % Phy DF OF 
 1 Mikael Granlund          Artemi Panarin           Nathan MacKinnon         30     1   1  3  
 2 Dylan Strome             Cole Caufield            Timo Meier               30     1   1  3  
 3 Sean Couturier           Teuvo Teravainen         Conor Garland            25     1   2  2  
 4 David Kampf              Tyler Motte              Marcus Foligno           15     1   2  2  

5 vs 5 Defense 
   Defense                  Defense                                           Time % Phy DF OF 
 1 Jake McCabe              Adam Larsson                                      40     1   3  1  
 2 Cam Fowler               Jake Walman                                       35     1   3  1  
 3 John Marino              Matthew Benning                                   25     1   3  1  
 4 Cam Fowler               Jake McCabe                                       0      1   2  2  

PowerPlay Forward 
   Center                   Left Wing                Right Wing               Time % Phy DF OF 
 1 Nathan MacKinnon         Timo Meier               Cole Caufield            60     0   1  4  
 2 Dylan Strome             Mikael Granlund          Conor Garland            40     1   1  3  

PowerPlay Defense
   Defense                  Defense                                           Time % Phy DF OF 
 1 Cam Fowler               Artemi Panarin                                    60     0   1  4  
 2 Teuvo Teravainen         Jake Walman                                       40     1   1  3  

Penalty Kill 4 Players Forward 
   Center                   Wing                     Time % Phy DF OF 
 1 David Kampf              Tyler Motte              50     1   3  1  
 2 Mikael Granlund          Marcus Foligno           50     1   3  1  

Penalty Kill 4 Players Defense
   Defense                  Defense                  Time % Phy DF OF 
 1 Jake Walman              John Marino              50     1   3  1  
 2 Adam Larsson             Jake McCabe              50     1   3  1  

Penalty Kill - 3 Players Forward 
   Forward                                           Time % Phy DF OF 
 1 David Kampf                                       50     1   3  1  
 2 Mikael Granlund                                   50     1   3  1  

Penalty Kill - 3 Players Defense
   Defense                  Defense                  Time % Phy DF OF 
 1 Jake Walman              John Marino              50     1   3  1  
 2 Adam Larsson             Cam Fowler               50     1   3  1  

4 vs 4 Forward 
   Center                   Wing                     Time % Phy DF OF 
 1 Nathan MacKinnon         Artemi Panarin           50     1   2  2  
 2 Dylan Strome             Cole Caufield            50     1   2  2  

4 vs 4 Defense
   Defense                  Defense                  Time % Phy DF OF 
 1 Jake Walman              Jake McCabe              50     1   2  2  
 2 Adam Larsson             Cam Fowler               50     1   2  2  

Last Minutes Offensive
   Center                   Left Wing                Right Wing               Defense                  Defense                  
   Nathan MacKinnon         Artemi Panarin           Cole Caufield            Cam Fowler               Jake Walman              

Last Minutes Defensive
   Center                   Left Wing                Right Wing               Defense                  Defense                  
   David Kampf              Mikael Granlund          Marcus Foligno           Jake Walman              John Marino              

Goaltenders
Starting : Igor Shesterkin          
Backup : Kevin Lankinen           

Extra Forwards
Normal : Cole Caufield, Artemi Panarin, Timo Meier - PP : Dylan Strome, Conor Garland - PK : Sean Couturier
Extra Defensemen
Normal : Jake Walman, John Marino, Adam Larsson - PP : John Marino - PK : Cam Fowler, Matthew Benning
Penalty Shots
Artemi Panarin, Dylan Strome, Cole Caufield, Conor Garland, Nathan MacKinnon

Scratches
None

Minnesota North Stars

5 vs 5 Forward 
   Center                   Left Wing                Right Wing               Time % Phy DF OF 
 1 Evgeni Malkin            Jonathan Marchessault    Valeri Nichushkin        31     0   2  3  
 2 Ryan Nugent-Hopkins      Jack Hughes              Frank Vatrano            31     0   2  3  
 3 William Karlsson         Brock Nelson             Lawson Crouse            31     0   2  3  
 4 Alexander Kerfoot        Evan Rodrigues           Ivan Barbashev           7      0   2  3  

5 vs 5 Defense 
   Defense                  Defense                                           Time % Phy DF OF 
 1 Erik Cernak              Matt Roy                                          34     0   4  1  
 2 Rasmus Dahlin            Neal Pionk                                        33     0   4  1  
 3 Gustav Forsling          Dylan DeMelo                                      33     0   4  1  
 4 Rasmus Dahlin            Neal Pionk                                        0      1   2  2  

PowerPlay Forward 
   Center                   Left Wing                Right Wing               Time % Phy DF OF 
 1 Ryan Nugent-Hopkins      Jack Hughes              Valeri Nichushkin        50     0   2  3  
 2 Evgeni Malkin            Jonathan Marchessault    Frank Vatrano            50     0   2  3  

PowerPlay Defense
   Defense                  Defense                                           Time % Phy DF OF 
 1 Rasmus Dahlin            Neal Pionk                                        50     0   2  3  
 2 Dylan DeMelo             Gustav Forsling                                   50     0   2  3  

Penalty Kill 4 Players Forward 
   Center                   Wing                     Time % Phy DF OF 
 1 William Karlsson         Lawson Crouse            50     0   5  0  
 2 Alexander Kerfoot        Ryan Nugent-Hopkins      50     0   5  0  

Penalty Kill 4 Players Defense
   Defense                  Defense                  Time % Phy DF OF 
 1 Erik Cernak              Dylan DeMelo             50     0   5  0  
 2 Neal Pionk               Gustav Forsling          50     0   5  0  

Penalty Kill - 3 Players Forward 
   Forward                                           Time % Phy DF OF 
 1 Alexander Kerfoot                                 50     0   5  0  
 2 William Karlsson                                  50     0   5  0  

Penalty Kill - 3 Players Defense
   Defense                  Defense                  Time % Phy DF OF 
 1 Erik Cernak              Dylan DeMelo             50     0   5  0  
 2 Neal Pionk               Gustav Forsling          50     0   5  0  

4 vs 4 Forward 
   Center                   Wing                     Time % Phy DF OF 
 1 Jack Hughes              Valeri Nichushkin        50     0   2  3  
 2 Evgeni Malkin            Frank Vatrano            50     0   2  3  

4 vs 4 Defense
   Defense                  Defense                  Time % Phy DF OF 
 1 Rasmus Dahlin            Neal Pionk               50     0   4  1  
 2 Gustav Forsling          Matt Roy                 50     0   4  1  

Last Minutes Offensive
   Center                   Left Wing                Right Wing               Defense                  Defense                  
   William Karlsson         Jack Hughes              Frank Vatrano            Rasmus Dahlin            Neal Pionk               

Last Minutes Defensive
   Center                   Left Wing                Right Wing               Defense                  Defense                  
   William Karlsson         Lawson Crouse            Frank Vatrano            Erik Cernak              Gustav Forsling          

Goaltenders
Starting : Logan Thompson           
Backup : Charlie Lindgren         

Extra Forwards
Normal : Brock Nelson, Ryan Nugent-Hopkins, William Karlsson - PP : Brock Nelson, Ryan Nugent-Hopkins - PK : William Karlsson
Extra Defensemen
Normal : Matt Roy, Dylan DeMelo, Gustav Forsling - PP : Matt Roy - PK : Dylan DeMelo, Gustav Forsling
Penalty Shots
Neal Pionk, Ryan Nugent-Hopkins, William Karlsson, Rasmus Dahlin, Valeri Nichushkin

Scratches
Michael Rasmussen (Healthy), Cam York (Healthy), Jonas Brodin (Healthy)

% Time on Ice - New York Rangers

Lines # - Real PCT - Wanted PCT - Time Play
Normal Forward
1 - 29% - 30% - 14:13
2 - 30% - 30% - 14:19
3 - 26% - 25% - 12:28
4 - 15% - 15% - 7:30
Normal Defense
1 - 41% - 40% - 19:47
2 - 35% - 35% - 16:50
3 - 24% - 25% - 11:37
4 - 1% - 0% - 0:16
PP Forward
1 - 46% - 60% - 2:03
2 - 54% - 40% - 2:24
PP Defense
1 - 67% - 60% - 3:00
2 - 33% - 40% - 1:27
PK Forward
1 - 51% - 50% - 3:09
2 - 49% - 50% - 3:03
PK Defense
1 - 37% - 50% - 2:19
2 - 63% - 50% - 3:53
PK3 Forward
1 - 0% - 50%
2 - 0% - 50%
PK3 Defense
1 - 0% - 50%
2 - 0% - 50%
44 Forward
1 - 71% - 50% - 0:36
2 - 29% - 50% - 0:15
44 Defense
1 - 71% - 50% - 0:36
2 - 29% - 50% - 0:15
Last Minute Offensive  - 0:00
Last Minute Defensive  - 0:00
Total
Forward - 60:00
Defense - 60:00

% Time on Ice - Minnesota North Stars

Lines # - Real PCT - Wanted PCT - Time Play
Normal Forward
1 - 28% - 31% - 13:31
2 - 27% - 31% - 13:15
3 - 31% - 31% - 14:49
4 - 14% - 7% - 6:55
Normal Defense
1 - 35% - 34% - 17:02
2 - 34% - 33% - 16:16
3 - 31% - 33% - 15:12
4 - 0% - 0% - 0:00
PP Forward
1 - 45% - 50% - 2:47
2 - 55% - 50% - 3:25
PP Defense
1 - 46% - 50% - 2:50
2 - 54% - 50% - 3:22
PK Forward
1 - 52% - 50% - 2:18
2 - 48% - 50% - 2:09
PK Defense
1 - 52% - 50% - 2:18
2 - 48% - 50% - 2:09
PK3 Forward
1 - 0% - 50%
2 - 0% - 50%
PK3 Defense
1 - 0% - 50%
2 - 0% - 50%
44 Forward
1 - 71% - 50% - 0:36
2 - 29% - 50% - 0:15
44 Defense
1 - 71% - 50% - 0:36
2 - 29% - 50% - 0:15
Last Minute Offensive  - 0:00
Last Minute Defensive  - 0:00
Total
Forward - 60:00
Defense - 60:00

Play-by-Play

1st period


0:01 of 1st period - Evgeni Malkin wins face-off versus Mikael Granlund in neutral zone.
0:31 of 1st period - Snap shot by Cole Caufield.
0:31 of 1st period - Shot Misses the Net.
0:33 of 1st period - Slapshot by Jake McCabe.
0:33 of 1st period - Deflect By Cole Caufield.
0:33 of 1st period - Shot Blocked by Erik Cernak.
0:33 of 1st period - Puck is out of play.
0:34 of 1st period - Sean Couturier wins face-off versus William Karlsson in Minnesota North Stars zone.
1:20 of 1st period - Gustav Forsling is hit by Cole Caufield and loses puck.
1:40 of 1st period - Icing by Cole Caufield.
1:41 of 1st period - Dylan Strome wins face-off versus Evgeni Malkin in New York Rangers zone.
1:48 of 1st period - Wrist shot by Nathan MacKinnon.
1:48 of 1st period - Shot Blocked by Matt Roy.
1:56 of 1st period - Snap shot by Nathan MacKinnon.
1:56 of 1st period - Shot Blocked by Valeri Nichushkin.
2:51 of 1st period - Snap shot by Nathan MacKinnon.
2:51 of 1st period - Stopped by Logan Thompson without a rebound.
2:52 of 1st period - William Karlsson wins face-off versus Sean Couturier in Minnesota North Stars zone.
3:08 of 1st period - Slapshot by Sean Couturier.
3:08 of 1st period - Stopped by Logan Thompson with a rebound.
3:22 of 1st period - Wrist shot by Frank Vatrano.
3:22 of 1st period - Shot Misses the Net.
3:24 of 1st period - Slapshot by Frank Vatrano.
3:24 of 1st period - Stopped by Igor Shesterkin without a rebound.
3:25 of 1st period - Ryan Nugent-Hopkins wins face-off versus Dylan Strome in New York Rangers zone.
3:34 of 1st period - Snap shot by Jack Hughes.
3:34 of 1st period - Stopped by Igor Shesterkin without a rebound.
3:35 of 1st period - William Karlsson wins face-off versus Dylan Strome in New York Rangers zone.
3:50 of 1st period - Wrist shot by Brock Nelson.
3:50 of 1st period - Deflect By Lawson Crouse.
3:50 of 1st period - Stopped by Igor Shesterkin without a rebound.
3:51 of 1st period - Sean Couturier wins face-off versus Ryan Nugent-Hopkins in New York Rangers zone.
4:40 of 1st period - Wrist shot by Evgeni Malkin.
4:40 of 1st period - Shot Blocked by Timo Meier.
4:42 of 1st period - Slapshot by Erik Cernak.
4:42 of 1st period - Deflect By Evgeni Malkin.
4:42 of 1st period - Shot Misses the Net.
4:42 of 1st period - Puck is out of play.
4:43 of 1st period - Evgeni Malkin wins face-off versus Marcus Foligno in New York Rangers zone.
6:04 of 1st period - Wrist shot by Timo Meier.
6:04 of 1st period - Stopped by Logan Thompson with a rebound.
6:14 of 1st period - David Kampf is hit by Jonathan Marchessault and loses puck.
6:21 of 1st period - Snap shot by Evgeni Malkin.
6:21 of 1st period - Shot Misses the Net.
6:25 of 1st period - Wrist shot by Evgeni Malkin.
6:25 of 1st period - Shot Blocked by Jake McCabe.
6:27 of 1st period - Slapshot by Jonathan Marchessault.
6:27 of 1st period - Shot Misses the Net.
6:41 of 1st period - Marcus Foligno is hit by Lawson Crouse and loses puck.
6:48 of 1st period - Snap shot by Brock Nelson.
6:48 of 1st period - Stopped by Igor Shesterkin without a rebound.
6:49 of 1st period - Sean Couturier wins face-off versus Ryan Nugent-Hopkins in New York Rangers zone.
8:44 of 1st period - Snap shot by Nathan MacKinnon.
8:44 of 1st period - Shot Misses the Net.
9:06 of 1st period - Wrist shot by Cole Caufield.
9:06 of 1st period - Stopped by Logan Thompson with a rebound.
9:08 of 1st period - Snap shot by Dylan Strome.
9:08 of 1st period - Stopped by Logan Thompson with a rebound.
9:10 of 1st period - Slapshot by Jake Walman.
9:10 of 1st period - Stopped by Logan Thompson without a rebound.
9:11 of 1st period - Sean Couturier wins face-off versus Ryan Nugent-Hopkins in Minnesota North Stars zone.
9:20 of 1st period - Wrist shot by Teuvo Teravainen.
9:20 of 1st period - Stopped by Logan Thompson without a rebound.
9:21 of 1st period - Ryan Nugent-Hopkins wins face-off versus Sean Couturier in Minnesota North Stars zone.
9:36 of 1st period - Wrist shot by Teuvo Teravainen.
9:36 of 1st period - Stopped by Logan Thompson without a rebound.
9:37 of 1st period - Lawson Crouse wins face-off versus Mikael Granlund in Minnesota North Stars zone.
10:07 of 1st period - Wrist shot by Brock Nelson.
10:07 of 1st period - Deflect By Frank Vatrano.
10:07 of 1st period - Shot Misses the Net.
10:07 of 1st period - Puck is out of play.
10:08 of 1st period - Dylan Strome wins face-off versus Ryan Nugent-Hopkins in New York Rangers zone.
10:13 of 1st period - Dylan DeMelo is hit by Matthew Benning and loses puck.
10:38 of 1st period - Slapshot by Conor Garland.
10:38 of 1st period - Stopped by Logan Thompson with a rebound.
10:50 of 1st period - Dylan DeMelo is hit by Matthew Benning.
11:12 of 1st period - Wrist shot by Ivan Barbashev.
11:12 of 1st period - Shot Blocked by Matthew Benning.
11:14 of 1st period - Snap shot by Alexander Kerfoot.
11:14 of 1st period - Shot Misses the Net.
11:20 of 1st period - Slapshot by Ivan Barbashev.
11:20 of 1st period - Shot Misses the Net.
11:42 of 1st period - Wrist shot by Timo Meier.
11:42 of 1st period - Shot Misses the Net.
12:05 of 1st period - Wrist shot by Evgeni Malkin.
12:05 of 1st period - Shot Blocked by Teuvo Teravainen.
12:07 of 1st period - Wrist shot by Neal Pionk.
12:07 of 1st period - Shot Misses the Net.
12:29 of 1st period - Snap shot by Artemi Panarin.
12:29 of 1st period - Stopped by Logan Thompson without a rebound.
12:30 of 1st period - Dylan Strome wins face-off versus Ryan Nugent-Hopkins in Minnesota North Stars zone.
13:04 of 1st period - Off-side.
13:05 of 1st period - Sean Couturier wins face-off versus Evgeni Malkin in neutral zone.
13:55 of 1st period - Snap shot by Jack Hughes.
13:55 of 1st period - Shot Misses the Net.
13:57 of 1st period - Slapshot by Matt Roy.
13:57 of 1st period - Shot Blocked by Timo Meier.
13:59 of 1st period - Snap shot by Erik Cernak.
13:59 of 1st period - Shot Misses the Net.
14:01 of 1st period - Backhand shot by Matt Roy.
14:01 of 1st period - Deflect By Ivan Barbashev.
14:01 of 1st period - Stopped by Igor Shesterkin with a rebound.
14:03 of 1st period - Slapshot by Evan Rodrigues.
14:03 of 1st period - Shot Misses the Net.
14:05 of 1st period - Wrist shot by Evan Rodrigues.
14:05 of 1st period - Deflect By Alexander Kerfoot.
14:05 of 1st period - Shot Misses the Net.
14:05 of 1st period - Puck is out of play.
14:06 of 1st period - Nathan MacKinnon wins face-off versus Evgeni Malkin in New York Rangers zone.
14:40 of 1st period - Slapshot by Jack Hughes.
14:40 of 1st period - Deflect By Ryan Nugent-Hopkins.
14:40 of 1st period - Stopped by Igor Shesterkin with a rebound.
15:00 of 1st period - Alexander Kerfoot is hit by Timo Meier and loses puck.
15:21 of 1st period - Valeri Nichushkin is hit by Dylan Strome and loses puck.
15:30 of 1st period - Dylan Strome is hit by Jonathan Marchessault and loses puck.
15:58 of 1st period - Slapshot by Cole Caufield.
15:58 of 1st period - Shot Blocked by Rasmus Dahlin.
16:31 of 1st period - Icing by Dylan Strome.
16:32 of 1st period - Ryan Nugent-Hopkins wins face-off versus Dylan Strome in New York Rangers zone.
16:35 of 1st period - Snap shot by Ryan Nugent-Hopkins.
16:35 of 1st period - Stopped by Igor Shesterkin without a rebound.
16:36 of 1st period - Sean Couturier wins face-off versus Ryan Nugent-Hopkins in New York Rangers zone.
16:47 of 1st period - Snap shot by Teuvo Teravainen.
16:47 of 1st period - Shot Misses the Net.
16:49 of 1st period - Slapshot by John Marino.
16:49 of 1st period - Deflect By Sean Couturier.
16:49 of 1st period - Stopped by Logan Thompson with a rebound.
17:03 of 1st period - Snap shot by Valeri Nichushkin.
17:03 of 1st period - Stopped by Igor Shesterkin without a rebound.
17:04 of 1st period - Nathan MacKinnon wins face-off versus Evgeni Malkin in New York Rangers zone.
17:20 of 1st period - Minor Penalty to Neal Pionk for Slashing.
17:21 of 1st period - David Kampf wins face-off versus William Karlsson in Minnesota North Stars zone.
17:25 of 1st period - Snap shot by Conor Garland.
17:25 of 1st period - Shot Misses the Net.
17:50 of 1st period - Dylan DeMelo is hit by Mikael Granlund and loses puck.
18:09 of 1st period - Wrist shot by Mikael Granlund.
18:09 of 1st period - Stopped by Logan Thompson without a rebound.
18:10 of 1st period - Nathan MacKinnon wins face-off versus William Karlsson in Minnesota North Stars zone.
18:19 of 1st period - Snap shot by Cole Caufield.
18:19 of 1st period - Shot Misses the Net.
18:35 of 1st period - Teuvo Teravainen is hit by Dylan DeMelo and loses puck.
19:20 of 1st period - Penalty to Neal Pionk is over, Neal Pionk is back on ice.
19:32 of 1st period - Snap shot by Marcus Foligno.
19:32 of 1st period - Stopped by Logan Thompson without a rebound.
19:33 of 1st period - Evgeni Malkin wins face-off versus David Kampf in Minnesota North Stars zone.
19:38 of 1st period - Snap shot by Rasmus Dahlin.
19:38 of 1st period - Shot Misses the Net.
Goals for this period are 0 for New York Rangers vs 0 for Minnesota North Stars.
Shots for this period are 13 for New York Rangers vs 8 for Minnesota North Stars.

2nd period


0:01 of 2nd period - Mikael Granlund wins face-off versus Ryan Nugent-Hopkins in neutral zone.
0:03 of 2nd period - Off-side.
0:04 of 2nd period - Ryan Nugent-Hopkins wins face-off versus Mikael Granlund in neutral zone.
0:42 of 2nd period - Snap shot by Conor Garland.
0:42 of 2nd period - Shot Misses the Net.
1:50 of 2nd period - Snap shot by Ryan Nugent-Hopkins.
1:50 of 2nd period - Shot Blocked by Matthew Benning.
1:52 of 2nd period - Wrist shot by Ryan Nugent-Hopkins.
1:52 of 2nd period - Shot Blocked by Matthew Benning.
1:54 of 2nd period - Snap shot by Jack Hughes.
1:54 of 2nd period - Shot Misses the Net.
2:04 of 2nd period - John Marino is hit by Frank Vatrano and loses puck.
2:23 of 2nd period - Wrist shot by Jack Hughes.
2:23 of 2nd period - Stopped by Igor Shesterkin with a rebound.
2:25 of 2nd period - Wrist shot by Jack Hughes.
2:25 of 2nd period - Stopped by Igor Shesterkin with a rebound.
2:47 of 2nd period - Wrist shot by Ryan Nugent-Hopkins.
2:47 of 2nd period - Shot Blocked by Matthew Benning.
3:01 of 2nd period - Wrist shot by Teuvo Teravainen.
3:01 of 2nd period - Stopped by Logan Thompson with a rebound.
3:15 of 2nd period - Slapshot by Jack Hughes.
3:15 of 2nd period - Stopped by Igor Shesterkin without a rebound.
3:16 of 2nd period - Evgeni Malkin wins face-off versus Artemi Panarin in New York Rangers zone.
3:34 of 2nd period - Off-side.
3:35 of 2nd period - David Kampf wins face-off versus Alexander Kerfoot in neutral zone.
3:41 of 2nd period - Off-side.
3:42 of 2nd period - David Kampf wins face-off versus Alexander Kerfoot in neutral zone.
3:57 of 2nd period - Snap shot by David Kampf.
3:57 of 2nd period - Shot Misses the Net.
4:08 of 2nd period - Minor Penalty to Rasmus Dahlin for Close Hand On Puck.
4:09 of 2nd period - William Karlsson wins face-off versus Nathan MacKinnon in Minnesota North Stars zone.
4:38 of 2nd period - Slapshot by Artemi Panarin.
4:38 of 2nd period - Shot Blocked by Gustav Forsling.
4:40 of 2nd period - Wrist shot by Mikael Granlund.
4:40 of 2nd period - Deflect By Dylan Strome.
4:40 of 2nd period - Shot Misses the Net.
4:40 of 2nd period - Puck is out of play.
4:41 of 2nd period - Dylan Strome wins face-off versus Alexander Kerfoot in Minnesota North Stars zone.
5:17 of 2nd period - Nathan MacKinnon is hit by Dylan DeMelo and loses puck.
5:22 of 2nd period - Snap shot by Lawson Crouse.
5:22 of 2nd period - Stopped by Igor Shesterkin with a rebound.
5:36 of 2nd period - Dylan Strome is hit by Dylan DeMelo and loses puck.
6:08 of 2nd period - Penalty to Rasmus Dahlin is over, Rasmus Dahlin is back on ice.
7:21 of 2nd period - Nathan MacKinnon is hit by Neal Pionk and loses puck.
8:05 of 2nd period - Snap shot by Teuvo Teravainen.
8:05 of 2nd period - Stopped by Logan Thompson with a rebound.
8:29 of 2nd period - Slapshot by Timo Meier.
8:29 of 2nd period - Stopped by Logan Thompson without a rebound.
8:30 of 2nd period - Mikael Granlund wins face-off versus Evgeni Malkin in Minnesota North Stars zone.
8:44 of 2nd period - Artemi Panarin is hit by Valeri Nichushkin and loses puck.
8:57 of 2nd period - Jake McCabe is hit by Lawson Crouse and loses puck.
9:04 of 2nd period - Wrist shot by William Karlsson.
9:04 of 2nd period - Stopped by Igor Shesterkin without a rebound.
9:05 of 2nd period - William Karlsson wins face-off versus Dylan Strome in New York Rangers zone.
9:06 of 2nd period - Wrist shot by Brock Nelson.
9:06 of 2nd period - Stopped by Igor Shesterkin without a rebound.
9:07 of 2nd period - Dylan Strome wins face-off versus William Karlsson in New York Rangers zone.
9:07 of 2nd period - Dylan Strome is hit by Lawson Crouse.
10:39 of 2nd period - William Karlsson is hit by Timo Meier and loses puck.
11:16 of 2nd period - Icing by Jack Hughes.
11:17 of 2nd period - Ryan Nugent-Hopkins wins face-off versus David Kampf in Minnesota North Stars zone.
11:55 of 2nd period - Slapshot by David Kampf.
11:55 of 2nd period - Stopped by Logan Thompson without a rebound.
11:56 of 2nd period - Dylan Strome wins face-off versus Lawson Crouse in Minnesota North Stars zone.
12:07 of 2nd period - Wrist shot by Timo Meier.
12:07 of 2nd period - Shot Misses the Net.
12:09 of 2nd period - Backhand shot by Cole Caufield.
12:09 of 2nd period - Goal by Cole Caufield - New York Rangers : 1 - Minnesota North Stars : 0.
12:10 of 2nd period - Mikael Granlund wins face-off versus William Karlsson in neutral zone.
12:17 of 2nd period - Wrist shot by Artemi Panarin.
12:17 of 2nd period - Shot Misses the Net.
13:03 of 2nd period - Wrist shot by Evan Rodrigues.
13:03 of 2nd period - Stopped by Igor Shesterkin with a rebound.
13:05 of 2nd period - Wrist shot by Neal Pionk.
13:05 of 2nd period - Stopped by Igor Shesterkin without a rebound.
13:06 of 2nd period - William Karlsson wins face-off versus Artemi Panarin in New York Rangers zone.
13:12 of 2nd period - Minor Penalty to Nathan MacKinnon for Holding.
13:13 of 2nd period - Ryan Nugent-Hopkins wins face-off versus David Kampf in New York Rangers zone.
13:27 of 2nd period - Slapshot by Valeri Nichushkin.
13:27 of 2nd period - Goal by Valeri Nichushkin - New York Rangers : 1 - Minnesota North Stars : 1.
13:28 of 2nd period - Mikael Granlund wins face-off versus Evgeni Malkin in neutral zone.
13:33 of 2nd period - Wrist shot by Artemi Panarin.
13:33 of 2nd period - Shot Misses the Net.
13:35 of 2nd period - Slapshot by Mikael Granlund.
13:35 of 2nd period - Stopped by Logan Thompson without a rebound.
13:36 of 2nd period - Evgeni Malkin wins face-off versus Mikael Granlund in Minnesota North Stars zone.
13:47 of 2nd period - Snap shot by Valeri Nichushkin.
13:47 of 2nd period - Shot Blocked by Mikael Granlund.
14:40 of 2nd period - Wrist shot by Valeri Nichushkin.
14:40 of 2nd period - Deflect By Evgeni Malkin.
14:40 of 2nd period - Stopped by Igor Shesterkin without a rebound.
14:41 of 2nd period - William Karlsson wins face-off versus Dylan Strome in New York Rangers zone.
15:28 of 2nd period - Slapshot by Cole Caufield.
15:28 of 2nd period - Deflect By Dylan Strome.
15:28 of 2nd period - Shot Blocked by Matt Roy.
15:28 of 2nd period - Puck is out of play.
15:29 of 2nd period - Sean Couturier wins face-off versus Ryan Nugent-Hopkins in Minnesota North Stars zone.
15:32 of 2nd period - Snap shot by Sean Couturier.
15:32 of 2nd period - Stopped by Logan Thompson without a rebound.
15:33 of 2nd period - Lawson Crouse wins face-off versus Sean Couturier in Minnesota North Stars zone.
16:32 of 2nd period - Wrist shot by Valeri Nichushkin.
16:32 of 2nd period - Stopped by Igor Shesterkin without a rebound.
16:33 of 2nd period - Dylan Strome wins face-off versus William Karlsson in New York Rangers zone.
16:38 of 2nd period - Slapshot by Cole Caufield.
16:38 of 2nd period - Shot Blocked by William Karlsson.
16:40 of 2nd period - Slapshot by Cam Fowler.
16:40 of 2nd period - Shot Blocked by Gustav Forsling.
16:42 of 2nd period - Slapshot by Cam Fowler.
16:42 of 2nd period - Deflect By Cole Caufield.
16:42 of 2nd period - Shot Blocked by Gustav Forsling.
16:42 of 2nd period - Puck is out of play.
16:43 of 2nd period - Cole Caufield wins face-off versus William Karlsson in Minnesota North Stars zone.
16:52 of 2nd period - Wrist shot by Dylan Strome.
16:52 of 2nd period - Shot Misses the Net.
16:54 of 2nd period - Slapshot by Cole Caufield.
16:54 of 2nd period - Shot Misses the Net.
17:02 of 2nd period - Snap shot by Cole Caufield.
17:02 of 2nd period - Shot Blocked by Brock Nelson.
17:04 of 2nd period - Wrist shot by Dylan Strome.
17:04 of 2nd period - Shot Blocked by Gustav Forsling.
17:08 of 2nd period - Snap shot by Cole Caufield.
17:08 of 2nd period - Deflect By Dylan Strome.
17:08 of 2nd period - Shot Blocked by Brock Nelson.
17:08 of 2nd period - Puck is out of play.
17:09 of 2nd period - Sean Couturier wins face-off versus Ryan Nugent-Hopkins in Minnesota North Stars zone.
17:18 of 2nd period - Wrist shot by Conor Garland.
17:18 of 2nd period - Shot Hit the Post.
17:22 of 2nd period - Snap shot by Conor Garland.
17:22 of 2nd period - Shot Misses the Net.
17:34 of 2nd period - Jake McCabe is hit by Valeri Nichushkin and loses puck.
18:23 of 2nd period - Rasmus Dahlin is hit by Marcus Foligno and loses puck.
18:47 of 2nd period - Icing by Rasmus Dahlin.
18:48 of 2nd period - Dylan Strome wins face-off versus Frank Vatrano in Minnesota North Stars zone.
18:49 of 2nd period - Wrist shot by Cole Caufield.
18:49 of 2nd period - Stopped by Logan Thompson without a rebound.
18:50 of 2nd period - Dylan Strome wins face-off versus Ryan Nugent-Hopkins in Minnesota North Stars zone.
19:01 of 2nd period - Snap shot by Jack Hughes.
19:01 of 2nd period - Shot Hit the Post.
19:03 of 2nd period - Snap shot by Ryan Nugent-Hopkins.
19:03 of 2nd period - Stopped by Igor Shesterkin with a rebound.
19:05 of 2nd period - Slapshot by Dylan DeMelo.
19:05 of 2nd period - Stopped by Igor Shesterkin without a rebound.
19:06 of 2nd period - Mikael Granlund wins face-off versus William Karlsson in New York Rangers zone.
19:08 of 2nd period - Minor Penalty to Jake McCabe for Holding.
19:09 of 2nd period - Mikael Granlund wins face-off versus Frank Vatrano in New York Rangers zone.
19:17 of 2nd period - Jake Walman is hit by Jonathan Marchessault and loses puck.
19:32 of 2nd period - Jake Walman is hit by Dylan DeMelo and loses puck.
Goals for this period are 1 for New York Rangers vs 1 for Minnesota North Stars.
Shots for this period are 8 for New York Rangers vs 13 for Minnesota North Stars.

3rd period


0:01 of 3rd period - Ryan Nugent-Hopkins wins face-off versus Mikael Granlund in neutral zone.
0:06 of 3rd period - Snap shot by Jack Hughes.
0:06 of 3rd period - Stopped by Igor Shesterkin with a rebound.
0:22 of 3rd period - Cam Fowler is hit by Neal Pionk and loses puck.
0:37 of 3rd period - Backhand shot by Frank Vatrano.
0:37 of 3rd period - Shot Blocked by Adam Larsson.
0:39 of 3rd period - Wrist shot by Jonathan Marchessault.
0:39 of 3rd period - Deflect By Frank Vatrano.
0:39 of 3rd period - Shot Misses the Net.
0:39 of 3rd period - Puck is out of play.
0:40 of 3rd period - David Kampf wins face-off versus Jonathan Marchessault in New York Rangers zone.
1:08 of 3rd period - Penalty to Jake McCabe is over, Jake McCabe is back on ice.
2:01 of 3rd period - Snap shot by Timo Meier.
2:01 of 3rd period - Stopped by Logan Thompson without a rebound.
2:02 of 3rd period - Mikael Granlund wins face-off versus Ryan Nugent-Hopkins in Minnesota North Stars zone.
2:03 of 3rd period - Wrist shot by Nathan MacKinnon.
2:03 of 3rd period - Stopped by Logan Thompson without a rebound.
2:04 of 3rd period - Ryan Nugent-Hopkins wins face-off versus Mikael Granlund in Minnesota North Stars zone.
2:04 of 3rd period - Ryan Nugent-Hopkins is hit by Nathan MacKinnon.
2:18 of 3rd period - Snap shot by Frank Vatrano.
2:18 of 3rd period - Shot Blocked by Mikael Granlund.
2:21 of 3rd period - Icing by Mikael Granlund.
2:22 of 3rd period - Evgeni Malkin wins face-off versus Mikael Granlund in New York Rangers zone.
3:25 of 3rd period - Snap shot by Artemi Panarin.
3:25 of 3rd period - Deflect By Nathan MacKinnon.
3:25 of 3rd period - Shot Hit the Post.
3:25 of 3rd period - Puck is out of play.
3:26 of 3rd period - Dylan Strome wins face-off versus Ryan Nugent-Hopkins in Minnesota North Stars zone.
3:59 of 3rd period - Snap shot by William Karlsson.
3:59 of 3rd period - Stopped by Igor Shesterkin with a rebound.
4:17 of 3rd period - Slapshot by Ivan Barbashev.
4:17 of 3rd period - Stopped by Igor Shesterkin with a rebound.
4:19 of 3rd period - Minor Penalty to Marcus Foligno for High sticking.
4:20 of 3rd period - David Kampf wins face-off versus Valeri Nichushkin in New York Rangers zone.
4:20 of 3rd period - David Kampf is hit by Rasmus Dahlin.
5:02 of 3rd period - Snap shot by Frank Vatrano.
5:02 of 3rd period - Stopped by Igor Shesterkin without a rebound.
5:03 of 3rd period - Mikael Granlund wins face-off versus Jonathan Marchessault in New York Rangers zone.
6:19 of 3rd period - Penalty to Marcus Foligno is over, Marcus Foligno is back on ice.
6:28 of 3rd period - Snap shot by Cole Caufield.
6:28 of 3rd period - Stopped by Logan Thompson with a rebound.
6:30 of 3rd period - Snap shot by Cole Caufield.
6:30 of 3rd period - Shot Misses the Net.
6:32 of 3rd period - Snap shot by Cam Fowler.
6:32 of 3rd period - Stopped by Logan Thompson with a rebound.
7:20 of 3rd period - Dylan Strome is hit by Jonathan Marchessault and loses puck.
7:32 of 3rd period - Off-side.
7:33 of 3rd period - Mikael Granlund wins face-off versus Ryan Nugent-Hopkins in neutral zone.
8:00 of 3rd period - Wrist shot by Brock Nelson.
8:00 of 3rd period - Goal by Brock Nelson - New York Rangers : 1 - Minnesota North Stars : 2.
8:01 of 3rd period - Dylan Strome wins face-off versus Ryan Nugent-Hopkins in neutral zone.
8:13 of 3rd period - Neal Pionk is hit by Timo Meier and loses puck.
8:32 of 3rd period - Jake Walman is hit by Lawson Crouse and loses puck.
8:55 of 3rd period - Snap shot by Valeri Nichushkin.
8:55 of 3rd period - Shot Misses the Net.
8:57 of 3rd period - Minor Penalty to Jake McCabe for Holding.
8:58 of 3rd period - Mikael Granlund wins face-off versus Ryan Nugent-Hopkins in New York Rangers zone.
9:59 of 3rd period - Jake Walman is hit by Rasmus Dahlin and loses puck.
10:57 of 3rd period - Penalty to Jake McCabe is over, Jake McCabe is back on ice.
11:15 of 3rd period - Gustav Forsling is hit by Dylan Strome and loses puck.
12:01 of 3rd period - Wrist shot by Nathan MacKinnon.
12:01 of 3rd period - Shot Misses the Net.
12:27 of 3rd period - Sean Couturier is hit by Neal Pionk and loses puck.
13:05 of 3rd period - Snap shot by Jack Hughes.
13:05 of 3rd period - Stopped by Igor Shesterkin without a rebound.
13:06 of 3rd period - Evgeni Malkin wins face-off versus Marcus Foligno in New York Rangers zone.
13:37 of 3rd period - Wrist shot by William Karlsson.
13:37 of 3rd period - Stopped by Igor Shesterkin with a rebound.
13:39 of 3rd period - Slapshot by Brock Nelson.
13:39 of 3rd period - Deflect By William Karlsson.
13:39 of 3rd period - Shot Misses the Net.
13:39 of 3rd period - Puck is out of play.
13:40 of 3rd period - Ryan Nugent-Hopkins wins face-off versus Artemi Panarin in New York Rangers zone.
14:42 of 3rd period - Icing by John Marino.
14:43 of 3rd period - Dylan Strome wins face-off versus Alexander Kerfoot in New York Rangers zone.
15:14 of 3rd period - Marcus Foligno is hit by Erik Cernak and loses puck.
15:54 of 3rd period - Snap shot by Alexander Kerfoot.
15:54 of 3rd period - Goal by Alexander Kerfoot - New York Rangers : 1 - Minnesota North Stars : 3.
15:55 of 3rd period - Sean Couturier wins face-off versus Brock Nelson in neutral zone.
16:06 of 3rd period - Snap shot by Sean Couturier.
16:06 of 3rd period - Goal by Sean Couturier - New York Rangers : 2 - Minnesota North Stars : 3.
16:07 of 3rd period - Sean Couturier wins face-off versus William Karlsson in neutral zone.
16:14 of 3rd period - Snap shot by Teuvo Teravainen.
16:14 of 3rd period - Stopped by Logan Thompson without a rebound.
16:15 of 3rd period - William Karlsson wins face-off versus Conor Garland in Minnesota North Stars zone.
16:33 of 3rd period - Snap shot by Conor Garland.
16:33 of 3rd period - Stopped by Logan Thompson with a rebound.
16:37 of 3rd period - Wrist shot by Sean Couturier.
16:37 of 3rd period - Stopped by Logan Thompson with a rebound.
16:39 of 3rd period - Wrist shot by Sean Couturier.
16:39 of 3rd period - Shot Misses the Net.
16:51 of 3rd period - Snap shot by Dylan DeMelo.
16:51 of 3rd period - Shot Blocked by Jake McCabe.
16:59 of 3rd period - Snap shot by Teuvo Teravainen.
16:59 of 3rd period - Shot Blocked by Brock Nelson.
17:01 of 3rd period - Snap shot by Sean Couturier.
17:01 of 3rd period - Stopped by Logan Thompson with a rebound.
17:03 of 3rd period - Slapshot by Sean Couturier.
17:03 of 3rd period - Stopped by Logan Thompson with a rebound.
17:05 of 3rd period - Slapshot by Sean Couturier.
17:05 of 3rd period - Stopped by Logan Thompson with a rebound.
17:07 of 3rd period - Slapshot by Jake McCabe.
17:07 of 3rd period - Shot Misses the Net.
17:13 of 3rd period - Snap shot by Conor Garland.
17:13 of 3rd period - Shot Blocked by Gustav Forsling.
17:15 of 3rd period - Snap shot by Sean Couturier.
17:15 of 3rd period - Shot Misses the Net.
17:17 of 3rd period - Snap shot by Sean Couturier.
17:17 of 3rd period - Stopped by Logan Thompson without a rebound.
17:18 of 3rd period - David Kampf wins face-off versus Evgeni Malkin in Minnesota North Stars zone.
17:45 of 3rd period - Nathan MacKinnon is hit by Ryan Nugent-Hopkins and loses puck.
18:13 of 3rd period - Snap shot by Jack Hughes.
18:13 of 3rd period - Stopped by Igor Shesterkin without a rebound.
18:14 of 3rd period - Evgeni Malkin wins face-off versus Dylan Strome in New York Rangers zone.
18:28 of 3rd period - Off-side.
18:29 of 3rd period - Sean Couturier wins face-off versus William Karlsson in neutral zone.
18:34 of 3rd period - New York Rangers, Igor Shesterkin is pulled from the net.
18:39 of 3rd period - Minor Penalty to Gustav Forsling for Delaying the game.
18:40 of 3rd period - Nathan MacKinnon wins face-off versus William Karlsson in Minnesota North Stars zone.
19:08 of 3rd period - Minor Penalty to Artemi Panarin for Delaying the game.
19:09 of 3rd period - Igor Shesterkin from New York Rangers was sent back in the game.
19:09 of 3rd period - Nathan MacKinnon wins face-off versus Jack Hughes in New York Rangers zone.
19:18 of 3rd period - New York Rangers, Igor Shesterkin is pulled from the net.
19:22 of 3rd period - Wrist shot by Cole Caufield.
19:22 of 3rd period - Shot Misses the Net.
19:44 of 3rd period - Snap shot by Valeri Nichushkin.
19:44 of 3rd period - Goal by Valeri Nichushkin - New York Rangers : 2 - Minnesota North Stars : 4.
19:44 of 3rd period - Igor Shesterkin from New York Rangers was sent back in the game.
19:45 of 3rd period - Dylan Strome wins face-off versus Evgeni Malkin in neutral zone.
Goals for this period are 1 for New York Rangers vs 3 for Minnesota North Stars.
Shots for this period are 12 for New York Rangers vs 10 for Minnesota North Stars.